 Dungeon Crawl Stone Soup version 0.26-a0-393-g67388ea477 (webtiles) character file.

Game seed: 16223210376313929919

20 Greenblue the Ruffian (level 2, -4/24 HPs)
             Began as a Ghoul Warper on July 22, 2020.
             Slain by a gnoll
             ... wielding a cursed -2 spear
              (9 damage)
             ... on level 1 of the Dungeon.
             The game lasted 00:02:22 (774 turns).

Greenblue the Ruffian (Ghoul Warper)                 Turns: 774, Time: 00:02:23

Health: -4/24      AC:  4    Str: 14    XL:     2   Next: 79%
Magic:  3/3        EV: 11    Int:  8    God:
Gold:   56         SH:  0    Dex:  8    Spells: 4/4 levels left

rFire    . . .     SeeInvis .     - Unarmed
rCold    + . .     Faith    .   (no shield)
rNeg     + + +     Spirit   .   a - +0 leather armour
rPois    ∞         Reflect  .   (no helmet)
rElec    .         Harm     .   (no cloak)
rCorr    .                      (no gloves)
MR       .....                  k - +0 pair of boots
Stlth    +.........             (no amulet)
HPRegen  0.00/turn              (no ring)
MPRegen  0.08/turn              (no ring)

@: no status effects
A: rotting body, claws 1, cold resistance 1, negative energy resistance 3,
inhibited regeneration, torment resistance, unbreathing
a: no special abilities


You were on level 1 of the Dungeon.
You visited 1 branch of the dungeon, and saw 1 of its levels.

You collected 56 gold pieces.

Inventory:

Missiles
 d - 5 boomerangs of dispersal (quivered)
Armour
 a - a +0 leather armour (worn)
 k - a +0 pair of boots (worn)
Jewellery
 i - a +4 ring of evasion {unknown}
Scrolls
 b - a scroll of fog {unknown}
 c - a scroll of blinking
 f - a scroll of immolation {unknown}
 j - a scroll of teleportation {unknown}
 l - a scroll of identify {unknown}
Potions
 e - a potion of degeneration {unknown}
 g - a potion of curing {unknown}
 h - a potion of lignification {unknown}
 m - a potion of berserk rage {unknown}
 n - a potion of stabbing {unknown}


   Skills:
 - Level 2.1 Fighting
 - Level 0.8 Throwing
 - Level 1.0 Armour
 - Level 1.9 Dodging
 + Level 3.4 Unarmed Combat
 - Level 1.7 Spellcasting
   Level 2.6 Translocations


You had 4 spell levels left.
You didn't know any spells.
Your spell library contained the following spells:

 Spells                   Type           Power        Failure   Level
 Blink                    Tloc           N/A          22%         2
 Gell's Gravitas          Tloc           #.........   41%         3
 Lesser Beckoning         Tloc           #.........   41%         3
 Teleport Other           Tloc           #.......     41%         3
 Passage of Golubria      Tloc           N/A          83%         4


Dungeon Overview and Level Annotations

Branches:
Dungeon (1/15)

Altars:


Innate Abilities, Weirdness & Mutations

Your body is rotting away.
You thrive by killing the living.
You are immune to poison.
You have sharp fingernails.
Your flesh is cold resistant. (rC+)
You are immune to negative energy. (rN+++)
You do not regenerate when monsters are visible.
You are immune to unholy pain and torment.
You can survive without breathing.


Message History

The gnoll hits you with a cursed -2 spear.
You closely miss the gnoll.
The gnoll is heavily wounded.
You barely miss the gnoll.
The gnoll is heavily wounded.
The gnoll hits you but does no damage. The gnoll barely misses you.
You see here a club.
The gnoll closely misses you.
You closely miss the gnoll.
The gnoll is moderately wounded.
The gnoll closely misses you.
You scratch the gnoll but do no damage.
The gnoll is moderately wounded.
The gnoll hits you with a cursed -2 spear!
* * * LOW HITPOINT WARNING * * *
You scratch the gnoll but do no damage.
The gnoll is moderately wounded.
The gnoll hits you with a cursed -2 spear!
You die...

#.##.####...##.####....# #.###
#......................# #....
####.####..##.#.##.....# #####
.....# ##..###.###.....# ######
########..............## #...g. #
##.....######(#### #g#### ##
##.......## #..###### #.##..
.####.........####.......###.##).
....+.........+.@gg..............
.####.........####(....#.######..
## ##.......## ##.##.#.# #.# .#
##.....## #.##.#.# #.# .# ##...##
#.##.#.# #.# .# ##'## #......#
#)# .# #.# ####.### #.# .# #.#
#.# #.# .# ##.## #.# #..


You could see a gnoll and a hobgoblin.

Vanquished Creatures
  A dart slug (D:1)
  A ball python (D:1)
  5 goblins (D:1)
  A hobgoblin (D:1)
  4 bats (D:1)
  A frilled lizard (D:1)
  2 kobolds (D:1)
  3 rats (D:1)
18 creatures vanquished.

Notes
Turn   | Place    | Note
-------+----------+-------------------------------------------
     0 | D:1      | Greenblue the Ghoul Warper began the quest for the Orb.
     0 | D:1      | Reached XP level 1. HP: 17/17 MP: 2/2
   126 | D:1      | Reached skill level 1 in Armour
   243 | D:1      | Reached XP level 2. HP: 24/24 MP: 3/3
   325 | D:1      | Reached skill level 3 in Unarmed Combat
   774 | D:1      | Slain by a gnoll

Illustrated notes

Levels and vault maps discovered:
D:1:      dpeg_arrival_pits, layout_loops_corners, minmay_misc_feat_tiny

Skill      XL: |  1  2 |
---------------+-------+-----
Armour         | 1 |  1.0
Unarmed Combat | 3 |  3.4
Fighting       | |  2.1
Throwing       | |  0.8
Dodging        | |  1.9
Spellcasting   | |  1.7
Translocations | |  2.6

Action                   || total
-------------------------++-------
Melee: Unarmed           ||    49
       Punch             ||     2
Armor: Leather armour    ||    29
Dodge: Dodged            ||    49

Table legend: (Time is in decaauts)
 A = Elapsed time spent in this place.
 B = Non-inter-level travel time spent in this place.
 C = Inter-level travel time spent in this place.
 D = Time resting spent in this place.
 E = Time spent auto-exploring this place.
 F = Levels seen in this place.
 G = Mean time per level.
                   A        B        C        D        E       F      G
               +--------+--------+--------+--------+--------+-----+--------+
         Total |    771 |    771 |      0 |      5 |    565 |   1 |  771.0 |
       Dungeon |    771 |    771 |      0 |      5 |    565 |   1 |  771.0 |
               +--------+--------+--------+--------+--------+-----+--------+

Top non-repeatable levels by time:
     D:1: 771 daAuts
